Map: Echo LE (Void)

Players

soul

  • Race: Terran Terran
  • League: Master

Gremory (Elazer)

  • Race: Terran Terran
  • League: Master

Elazer

  • Race: Zerg Zerg
  • League: Master

Megami

  • Race: Zerg Zerg

VOD

Have the link to the VOD?

Description

Time

  • Played on: Nov. 26, 2016, 12:42 p.m.
  • Length: 8:42
Show
View Real Time Build Order
Export as new Build Order

soul Terran 

Build Orders: Reaper Expand, MMM Bio 

Get SALT Encoding   

  12  0:01  SCV  
  13  0:14  SCV  
  14  0:18  Supply Depot  
  14  0:26  SCV  
  15  0:40  SCV  
  15  0:42  Barracks  
  16  0:46  Refinery  
  16  0:52  SCV  
  17  1:04  SCV  
  18  1:16  SCV  
  19  1:29  Orbital Command  
  19  1:30  Reaper  
  20  1:39  Command Center  
  20  1:50  Barracks  
  20  1:55  SCV  
  21  2:02  Supply Depot  
  21  2:04  Barracks Reactor  
  21  2:07  SCV  
  22  2:12  Refinery  
  22  2:19  SCV  
  23  2:24  Factory  
  23  2:31  SCV  
  24  2:38  Barracks Tech Lab  
  24  2:39  Marine x2  
  24  2:43  SCV  
  27  2:52  Orbital Command  
  27  2:56  SCV  
  27  2:57  Stimpack, Marine  
  29  3:01  Marine  
  29  3:03  Marine  
  31  3:09  SCV  
  32  3:15  Marine  
  32  3:18  SCV  
  32  3:19  Marine  
  35  3:21  Marine, SCV  
  35  3:26  Starport  
  37  3:28  Factory Reactor  
  37  3:31  SCV  
  38  3:36  Supply Depot, Marine  
  38  3:37  Marine  
  38  3:41  SCV  
  41  3:42  Marine  
  41  3:45  SCV  
  43  3:51  Supply Depot  
  43  3:53  SCV  
  43  3:54  Marine  
  43  3:55  Marine  
  46  3:58  SCV  
  47  4:03  Marine  
  47  4:05  SCV  
  49  4:10  Medivac, SCV  
  49  4:12  Medivac, Marine x2  
  56  4:17  SCV  
  56  4:21  Marine  
  56  4:22  Supply Depot, SCV  
  56  4:23  Supply Depot  
  59  4:29  Marine  
  59  4:30  Marine  
  59  4:31  Supply Depot  
  61  4:36  SCV  
  62  4:43  Marine  
  62  4:44  SCV  
  64  4:47  Marine  
  64  4:48  SCV, Marine  
  67  4:54  Command Center  
  67  4:56  SCV  
  68  5:00  SCV  
  68  5:02  Combat Shields  
  68  5:03  Engineering Bay x2  
  68  5:05  Marine  
  70  5:08  SCV  
  70  5:11  Medivac  
  70  5:12  Medivac, SCV  
  70  5:13  Marine  
  77  5:15  Marine  
  73  5:23  Marine  
  73  5:24  SCV  
  73  5:28  SCV  
  76  5:31  Marine  
  76  5:32  Marine  
  75  5:37  Refinery  
  75  5:38  Refinery, Terran Infantry Weapons Level 1, Terran Infantry Armor Level 1  
  75  5:41  Marine  
  75  5:42  SCV  
  77  5:46  Factory Tech Lab  
  77  5:48  SCV  
  77  5:49  Marine  
  79  5:50  Marine  
  79  5:52  Barracks  
  79  5:54  SCV  
  81  5:58  Marine  
  82  6:04  SCV  
  82  6:06  Medivac, Orbital Command, Marine  
  82  6:08  Barracks, Marine  
  82  6:09  Barracks  
  87  6:12  Supply Depot  
  87  6:13  SCV  
  87  6:16  Supply Depot, Marine  
  89  6:22  SCV  
  89  6:24  Marine  
  91  6:26  Medivac, Marine  
  93  6:34  Marine  
  93  6:35  SCV x2  
  93  6:36  Medivac  
  98  6:40  Siege Tank  
  98  6:41  Orbital Command  
  98  6:42  Marine  
  98  6:44  Barracks Reactor, Marine  
  103  6:47  SCV  
  103  6:51  SCV  
  103  6:52  Marine  
  105  6:54  Supply Depot  
  105  6:56  Medivac  
  105  6:59  Barracks Reactor, SCV  
  105  7:00  Barracks Reactor, Supply Depot  
  108  7:03  SCV  
  108  7:07  SCV  
  110  7:11  SCV  
  111  7:16  Supply Depot, SCV  
  111  7:17  Barracks x3, Supply Depot  
  111  7:19  Siege Tank  
  111  7:20  SCV  
  116  7:26  Marine, SCV  
  116  7:27  Marauder  
  120  7:30  SCV  
  120  7:31  Marine  
  118  7:38  Armory, SCV x2  
  118  7:40  Refinery  
  118  7:41  Supply Depot, Marine x4  
  118  7:42  Supply Depot, Marine  
  118  7:44  Concussive Shells  
  125  7:45  Marine  
  125  7:46  Marine  
  125  7:48  Marauder  
  125  7:49  Supply Depot  
  129  7:51  Supply Depot  
  129  7:55  Siege Tank  
  129  7:56  Medivac  
  134  8:01  Marine  
  134  8:03  Marine  
  134  8:05  Medivac  
  138  8:10  Marauder  
  140  8:16  Barracks Tech Lab x2  
  140  8:20  Supply Depot  
  140  8:21  Barracks Tech Lab  
  140  8:22  Marine x4  
  140  8:23  Marine x2  
  148  8:27  Command Center  
Show
View Real Time Build Order
Export as new Build Order

Gremory Terran 

Build Orders:  

Get SALT Encoding   

  12  0:01  Drone  
  13  0:13  Overlord  
  13  0:17  Drone  
  14  0:32  Drone x2  
  16  0:38  Drone  
  17  0:53  Hatchery  
  17  0:57  Drone  
  17  1:01  Drone  
  18  1:11  Extractor  
  17  1:16  Drone, Spawning Pool  
  17  1:22  Drone  
  18  1:29  Drone  
  19  1:42  Overlord  
  19  2:02  Queen  
  19  2:04  Zergling x4  
  19  2:05  Queen  
  25  2:09  Zergling x2  
  25  2:12  Metabolic Boost  
  25  2:13  Drone  
  27  2:17  Drone  
  28  2:26  Drone  
  28  2:27  Drone  
  30  2:39  Drone  
  30  2:41  Overlord  
  30  2:43  Queen  
  33  2:46  Queen  
  35  2:58  Overlord  
  35  2:59  Drone  
  36  3:10  Drone x3  
  36  3:11  Overlord  
  38  3:20  Spore Crawler  
  38  3:22  Spore Crawler  
  38  3:27  Drone x4  
  41  3:30  Drone x3  
  45  3:39  Hatchery  
  44  3:47  Drone x3  
  47  3:52  Drone  
  48  3:56  Roach Warren  
  47  4:03  Drone  
  47  4:04  Extractor, Drone x2  
  47  4:08  Overlord  
  49  4:10  Zergling x6  
  49  4:11  Zergling x2  
  53  4:20  Drone  
  53  4:32  Drone x2  
  53  4:34  Evolution Chamber  
  54  4:38  Drone x2  
  54  4:39  Roach x2  
  54  4:40  Roach x2  
  54  4:43  Roach  
  66  4:50  Overlord  
  66  4:53  Roach x2  
  66  4:54  Queen  
  66  4:57  Overlord  
  72  5:02  Overlord  
  72  5:03  Extractor  
  72  5:04  Zergling x4  
  73  5:15  Roach x3  
  73  5:18  Overlord  
  75  5:23  Roach x4  
  75  5:24  Drone  
  82  5:34  Drone x5  
  82  5:35  Drone x2  
  86  5:40  Lair  
  86  5:42  Zerg Ground Armor Level 1  
  86  5:43  Evolution Chamber  
  85  5:51  Overlord, Extractor  
  85  5:52  Drone x3  
  85  5:55  Roach  
  89  5:58  Overlord  
  89  6:09  Zerg Melee Weapons Level 1  
  89  6:19  Drone  
  89  6:20  Drone x5  
  89  6:21  Roach x5  
  97  6:29  Roach x2  
  101  6:36  Drone x2  
  103  6:41  Drone x2  
  103  6:44  Drone  
  104  6:50  Drone x3  
  107  6:57  Drone x2  
  107  6:58  Drone x3  
  112  7:05  Drone x4  
  112  7:07  Glial Reconstitution  
  116  7:09  Roach  
  116  7:12  Extractor x2  
  116  7:14  Infestation Pit  
  115  7:16  Overlord  
  115  7:17  Roach  
  115  7:18  Drone  
  115  7:19  Drone  
  119  7:24  Overlord  
  119  7:26  Zergling x4  
  119  7:29  Overlord x2  
  119  7:39  Overlord  
  119  7:50  Zergling x10  
  124  7:55  Drone x3  
  124  7:56  Drone  
  124  7:57  Zergling x2  
  124  7:58  Zergling x2  
  127  8:00  Hatchery  
  121  8:14  Hatchery  
  121  8:19  Zergling x12  
Show
View Real Time Build Order
Export as new Build Order

Elazer Zerg 

Build Orders:  

Get SALT Encoding   

Show
View Real Time Build Order
Export as new Build Order

Megami Zerg 

Build Orders:  

Get SALT Encoding   

Tags
 
Add a new tag
Caveats
  • Supply blocks, unpowered buildings, or Contaminate may cause inaccurate times.
  • Supply counts are checked every 10 seconds.